 Dungeon Crawl Stone Soup version 0.30-a0-802-gb92711bcdf (webtiles) character file.

Game seed: 4998720416634940549

14 Monkooky the Charlatan (level 2, 0/14 HPs)
             Began as a Spriggan Artificer on Feb 24, 2023.
             Slain by a gnoll
             ... wielding a +0 spear
              (6 damage)
             ... on level 1 of the Dungeon.
             The game lasted 00:02:03 (411 turns).

Monkooky the Charlatan (Spriggan Artificer)          Turns: 411, Time: 00:02:04

Health: 0/14       AC:  2    Str:  8    XL:     2   Next: 31%
Magic:  4/4        EV: 18    Int: 12    God:
Gold:   23         SH:  0    Dex: 15    Spells: 3/3 levels left

rFire   . . .      SeeInvis +    f - staff of earth
rCold   . . .      Faith    .    (shield currently unavailable)
rNeg    . . .      Spirit   .    b - +0 robe
rPois   .          Reflect  .    (helmet restricted)
rElec   .          Harm     .    (no cloak)
rCorr   .          Rampage  .    (gloves unavailable)
Will    .....                    (boots unavailable)
Stlth   ++                       (no amulet)
HPRegen 0.22/turn                (no ring)
MPRegen 0.09/turn                (no ring)

@: very quick
A: very small, no large weapons, unfitting armour, see invisible, speed 3
a: no special abilities


You were on level 1 of the Dungeon.
You visited 1 branch of the dungeon, and saw 1 of its levels.

You collected 23 gold pieces.

Inventory:

Hand Weapons
 a - a +0 club
 k - a +0 spear
Armour
 b - a +0 robe (worn)
Magical Staves
 f - a staff of earth (weapon)
Wands
 c - a wand of flame (14) (quivered)
 d - a wand of charming (15)
 e - a wand of iceblast (5)
Scrolls
 h - 2 scrolls of noise {unknown}
 j - a scroll of enchant armour {unknown}
 l - a scroll of butterflies {unknown}
Potions
 g - 2 potions of haste {unknown}
 i - a potion of heal wounds {unknown}


   Skills:
 - Level 1.0 Fighting
 - Level 3.4 Dodging
 - Level 2.0 Stealth
 * Level 1.2 Spellcasting
 - Level 4.2 Evocations


You had 3 spell levels left.
You didn't know any spells.
Your spell library contained the following spells:

 Spells                   Type           Power      Damage    Failure   Level
 Ignite Poison            Fire/Tmut/Pois 0%         N/A       65%         3
 Kindle Blastsparks       Fire/Tloc/Air  0%         2d10      65%         3
 Freezing Cloud           Conj/Ice/Air   0%         6-21      100%        5


Dungeon Overview and Level Annotations

Branches:
Dungeon (1/15)

Altars:


Innate Abilities, Weirdness & Mutations

You are very small and have problems with some larger weapons.
You are too small for most types of armour.
You have supernaturally acute eyesight. (SInv)
You cover ground extremely quickly. (Speed+++)


Message History

You see here a +0 whip.
You start resting.
HP restored.
A goblin is nearby!
A goblin is nearby!
You barely miss the goblin. The goblin barely misses you.
You hit the goblin.
The goblin is severely wounded.
The goblin hits you but does no damage. The goblin hits you with a +0 dagger.
You hit the goblin.
You kill the goblin!
Your Spellcasting skill increases to level 1!
No target in view!
A hobgoblin is nearby!
A hobgoblin is nearby!
The hobgoblin shouts!
You hit the hobgoblin.
The hobgoblin is severely wounded.
The hobgoblin completely misses you. x2
You hit the hobgoblin but do no damage.
The hobgoblin is severely wounded.
The hobgoblin closely misses you.
You hit the hobgoblin.
You kill the hobgoblin!
No target in view!
No target in view!
You see here a hobgoblin corpse.
A gnoll comes into view. It is wielding a +0 spear.
A gnoll is nearby!
Found a bubbling clear potion.
The gnoll misses you.
You hit the gnoll.
The gnoll is lightly wounded.
The gnoll completely misses you.
You hit the gnoll.
The gnoll is heavily wounded.
The gnoll hits you with a +0 spear!
Ouch! That really hurt!
The gnoll hits you with a +0 spear.
You die...

#####...∩# ##..# ..#∩..÷.##
#..g# ..∩∩....####### #.#.#
........∩#..... #.#.#
#.##.......# ### #####...#
#÷##.......# ..# #......##
#÷.........# #.###.####.#
#.......∩#...# #g.........#
##∩####.####.###@###.###..#
#### #######....!# #..# .#
#..#.####.### #..# #.#
#..#.# #.# #..#
#.####..#.####.# #..#
#.##...........# #..#
#.##.#..#.#.†#### #..#
#.##.#..#.#.....####.# #..#
#.##.#..#.#..........# ##.#


You could see a gnoll.

Vanquished Creatures
  2 endoplasms (D:1)
  3 goblins (D:1)
  2 hobgoblins (D:1)
  A quokka (D:1)
  3 kobolds (D:1)
  A rat (D:1)
12 creatures vanquished.

Notes
Turn   | Place    | Note
-------+----------+-------------------------------------------
     0 | D:1      | Monkooky the Spriggan Artificer began the quest for the
                  | Orb.
     0 | D:1      | Reached XP level 1. HP: 9/9 MP: 2/2
   122 | D:1      | Reached skill level 1 in Fighting
   280 | D:1      | Reached XP level 2. HP: 14/14 MP: 3/3
   371 | D:1      | Reached skill level 1 in Spellcasting
   411 | D:1      | Slain by a gnoll

Illustrated notes

Levels and vault maps discovered:
D:1:      amcnicky_arrival_abandoned_market, layout_loops_ring

Skill      XL: |  1  2 |
---------------+-------+-----
Fighting       | 1 |  1.0
Stealth        | 2 |  2.0
Spellcasting   | 1 |  1.2
Dodging        | |  3.4
Evocations     | |  4.2

Action                     || total
---------------------------++-------
  Melee: Club              ||    25
         Staff             ||    43
         Punch             ||     3
  Evoke: Wand              ||     1
   Stab: Sleeping          ||     4
 Armour: Robe              ||     9
  Dodge: Dodged            ||    55

Table legend: (Time is in decaauts)
 A = Elapsed time spent in this place.
 B = Non-inter-level travel time spent in this place.
 C = Inter-level travel time spent in this place.
 D = Time resting spent in this place.
 E = Time spent auto-exploring this place.
 F = Levels seen in this place.
 G = Mean time per level.
                   A        B        C        D        E       F      G
               +--------+--------+--------+--------+--------+-----+--------+
         Total |    325 |    325 |      0 |     14 |    149 |   1 |  325.0 |
       Dungeon |    325 |    325 |      0 |     14 |    149 |   1 |  325.0 |
               +--------+--------+--------+--------+--------+-----+--------+

Top non-repeatable levels by time:
     D:1: 325 daAuts
